 Dungeon Crawl Stone Soup version 0.31-a0-221-gbddc013574 (webtiles) character file.

Game seed: 17526073658556106860

168 qw the Shooter (level 5, -2/45 HPs)
             Began as a Minotaur Hexslinger on July 4, 2023.
             Slain by an orc wizard
             ... wielding a +0 dagger
              (3 damage)
             ... on level 4 of the Dungeon.
             The game lasted 00:00:54 (2278 turns).

qw the Shooter (Minotaur Hexslinger)                Turns: 2278, Time: 00:00:55

Health: -2/45      AC:  8    Str: 12      XL:     5   Next: 23%
Magic:  5/5        EV: 10    Int: 10      God:
Gold:   1040       SH:  0    Dex: 13 (15) Spells: 5/6 levels left

rFire   + . .        Y - +1 sling (freeze)
rCold   . . .        (no shield)
rNeg    . . .        f - +0 ring mail
rPois   .            (helmet restricted)
rElec   .            (no cloak)
rCorr   .            (no gloves)
SInv    .            m - +2 pair of boots
Will    .....        (no amulet)
Stlth   +            b - ring of protection from fire
HPRegen 0.27/turn    (no ring)
MPRegen 0.09/turn

%: no passive effects
@: no status effects
A: horns 2, retaliatory headbutt
a: no special abilities


You were on level 4 of the Dungeon.
You visited 1 branch of the dungeon, and saw 4 of its levels.

You collected 1040 gold pieces.


Innate Abilities, Weirdness & Mutations

You have a pair of horns on your head.
You reflexively headbutt those who attack you in melee.


   Skills:
 - Level 3.1 Fighting
 + Level 5.3 Ranged Weapons
 - Level 1.0 Armour
 - Level 2.1 Dodging
 - Level 1.0 Spellcasting
 - Level 2.0 Hexes


You had 5 spell levels left.
You knew the following spells:

 Your Spells              Type           Power      Damage    Failure   Level
a - Slow                  Hex            16%        N/A       34%         1

Your spell library contained the following spells:

 Spells                   Type           Power      Damage    Failure   Level
 Inner Flame              Hex/Fire       2%         N/A       83%         3
 Portal Projectile        Hex/Tloc       4%         N/A       83%         3
 Cause Fear               Hex            2%         N/A       98%         4

Inventory:

Hand Weapons
 Y - a +1 sling of freezing (weapon)
Armour
 f - a +0 ring mail (worn)
 m - a +2 pair of boots (worn)
Jewellery
 b - a ring of protection from fire (left hand)
Scrolls
 a - a scroll of identify
 c - a scroll of revelation {unknown}
Potions
 h - a potion of cancellation
 k - a potion of lignification {unknown}

Dungeon Overview and Level Annotations

Branches:
Dungeon (4/15)
 Temple: D:4-7

Altars:


Message History

Something tries to affect you, but you resist.
You shoot a sling bullet.
The sling bullet closely misses the orc.
The orc hits you but does no damage. Something hits you but does no damage.
Something hits you.
You shoot a sling bullet.
The sling bullet closely misses the orc.
The orc hits you with a +0 dagger.
Something hits you but does no damage. x2
You shoot a sling bullet.
The sling bullet closely misses the orc.
The orc hits you but does no damage.
You hear some strange, mumbled words.
A puff of flame appears from out of thin air!
The puff of flame hits you. You resist. Something hits you but does no damage.
The orc hits you but does no damage.
You hear some strange, mumbled words.
A puff of flame appears from out of thin air!
The puff of flame hits you. You resist. Something hits you but does no damage.
You shoot a sling bullet. The sling bullet hits the orc!
The sling bullet freezes the orc.
You kill the orc!
Something hits you but does no damage. x2
You shoot a sling bullet.
You hear some strange, mumbled words.
A magic dart appears from out of thin air!
The magic dart hits you.
You hear some strange, mumbled words.
Something tries to affect you, but you resist.
You shoot a sling bullet.
You hear some strange, mumbled words.
A magic dart appears from out of thin air!
The magic dart hits you. Something hits you but does no damage.
You shoot a sling bullet.
Something hits you but does no damage. x2
You hear some strange, mumbled words.
A magic dart appears from out of thin air!
The magic dart hits you! Something hits you but does no damage.
You shoot a sling bullet. Something hits you.
You die...

#).... ...... .....
#.... .).# ##(..#
##{{.# .........
##.@)# #........
##...## #......>.
#....# #........
#...## ### #.......
#...# ##.## #.......
#...###...## ##.....#
#..###.....# #......#
#..##......###.#..<##
#.##........##.#..##


There were no monsters in sight!

Vanquished Creatures
  Terence (D:3)
  An orc wizard (D:4)
  3 adders
  2 worms
  3 dart slugs
  4 orcs (D:4)
  An endoplasm (D:2)
  3 giant cockroaches
  7 goblins
  3 hobgoblins
  2 jackals (D:2)
  3 kobolds (D:1)
  2 quokkas
  4 ball pythons
  4 bats
  3 frilled lizards (D:1)
  13 rats
59 creatures vanquished.

Vanquished Creatures (others)
  An orc wizard (D:4)
1 creature vanquished.

Grand Total: 60 creatures vanquished

Notes
Turn   | Place    | Note
-------+----------+-------------------------------------------
     0 | D:1      | qw the Minotaur Hexslinger began the quest for the Orb.
     0 | D:1      | Reached XP level 1. HP: 16/16 MP: 1/1
     0 | D:1      | 0 ||| qw: Version: 0.3-a-40-ge99b1a8
     0 | D:1      | 0 ||| qw: Game counter: 668
     0 | D:1      | 0 ||| qw: Melee chars always use a shield: true
     0 | D:1      | 0 ||| qw: God list: Okawaru
     0 | D:1      | 0 ||| qw: Allow faded altars: false
     0 | D:1      | 0 ||| qw: Do Orc after clearing Dungeon:15 true
     0 | D:1      | 0 ||| qw: Do second Lair branch before Depths: true
     0 | D:1      | 0 ||| qw: Lair rune preference: random
     0 | D:1      | 0 ||| qw: Goals: Normal
     0 | D:1      | 0 ||| PLANNING D:1-11
    86 | D:1      | Reached skill level 3 in Ranged Weapons
    86 | D:1      | Reached XP level 2. HP: 23/23 MP: 2/2
   171 | D:1      | Found a faded altar of an unknown god.
   407 | D:1      | Reached XP level 3. HP: 24/29 MP: 3/3
   501 | D:1      | 501 ||| UPGRADING to +0 leather armour.
   511 | D:1      | 511 ||| DROPPING +0 robe.
   512 | D:1      | 512 ||| UPGRADING to +2 pair of boots.
   517 | D:1      | 517 ||| READING 2 scrolls labelled FOP LOLAINTUT.
   518 | D:1      | 518 ||| READING 2 scrolls labelled XAPEEKKIUXE.
   519 | D:1      | 519 ||| READING scroll labelled GEACHELIAT.
   520 | D:1      | 520 ||| READING scroll labelled TOULUK VINUIPT.
   521 | D:1      | 521 ||| READING scroll labelled RUCRAPH DEDAAF.
   521 | D:1      | Identified a scroll of acquirement
   521 | D:1      | 521 ||| ACQUIRING 924 gold pieces
   521 | D:1      | Acquired 924 gold pieces
   523 | D:1      | 523 ||| READING scroll labelled YGIT HYIMUGEOR.
   624 | D:1      | 624 ||| DRINKING 2 smoky white potions.
   625 | D:1      | 625 ||| DROPPING scroll of poison.
   626 | D:1      | 626 ||| DROPPING scroll of immolation.
   927 | D:2      | Reached skill level 4 in Ranged Weapons
  1384 | D:2      | 1384 ||| READING scroll labelled BAMOWA NUIC.
  1385 | D:2      | 1385 ||| READING scroll labelled MUPSEA IMNOUMI.
  1572 | D:3      | Noticed Terence
  1585 | D:3      | HP: 7/29 [Terence/+0 flail (3)]
  1586 | D:3      | Killed Terence
  1587 | D:3      | Reached XP level 4. HP: 9/36 MP: 4/4
  1929 | D:3      | Reached skill level 5 in Ranged Weapons
  2099 | D:3      | 2099 ||| UPGRADING to +0 ring mail.
  2109 | D:3      | 2109 ||| DROPPING +0 leather armour.
  2110 | D:3      | 2110 ||| UPGRADING to ring of protection from fire.
  2111 | D:3      | 2111 ||| READING scroll labelled MYEMUH RETA.
  2112 | D:3      | 2112 ||| DRINKING 3 sedimented pink potions.
  2113 | D:3      | 2113 ||| DRINKING 2 white potions.
  2114 | D:3      | 2114 ||| READING 2 scrolls of identify.
  2114 | D:3      | 2114 ||| IDENTIFYING coppery potion
  2115 | D:3      | 2115 ||| DROPPING 2 potions of magic.
  2116 | D:3      | 2116 ||| DROPPING potion of degeneration.
  2163 | D:4      | Reached skill level 1 in Armour
  2266 | D:4      | Reached skill level 3 in Fighting
  2266 | D:4      | Reached XP level 5. HP: 22/45 MP: 5/5
  2270 | D:4      | 2270 ||| DRINKING potion of curing.
  2270 | D:4      | 2270 ||| (to cure confusion)
  2275 | D:4      | HP: 9/45 [something/magic dart (6)]
  2277 | D:4      | HP: 1/45 [something/magic dart (7)]
  2278 | D:4      | Slain by an orc wizard

Levels and vault maps discovered:
D:1:      onia_arrival_handbag, layout_rooms, ebering_ecumenical_altar_hall,
          chequers_serial_rivers_small_3
D:2:      layout_loops_corners, hex_medium
D:3:      layout_basic, uniq_terence
D:4:      layout_cave_pods, mainiacjoe_overflow_cross_hatched, temple_hall_moat,
          serial_shops, shop

Skill      XL: |  1  2  3  4 |
---------------+-------------+-----
Ranged Weapons | 3 4 5 |  5.3
Fighting       | 2 3 |  3.1
Armour         | 1 |  1.0
Dodging        | |  2.1
Spellcasting   | |  1.0
Hexes          | |  2.0

Action                     |  1- 3 |  4- 6 || total
---------------------------+-------+-------++-------
   Fire: Sling             |   155 |    54 ||   209
    Use: Scroll            |     8 |     2 ||    10
         Potion            |     1 |     3 ||     4
 Armour: Robe              |     3 |       ||     3
         Leather armour    |    13 |       ||    13
         Ring mail         |       |    27 ||    27
  Dodge: Dodged            |    31 |    11 ||    42

Table legend:
 A = Non-vault XP
 B = Vault XP
 C = Vault XP percentage of total XP
 D = Non-vault monster count
 E = Vault monster count
 F = Vault count percentage of total count
                 A         B        C        D         E       F
            +---------+---------+-------+---------+---------+-------
      Total |     200 |      40 |  16.7 |      55 |       5 |   8.3
            +---------+---------+-------+---------+---------+-------
        D:1 |      39 |       4 |   9.3 |      25 |       4 |  13.8
        D:2 |      49 |       0 |   0.0 |      13 |       0 |   0.0
        D:3 |      14 |      36 |  72.0 |       7 |       1 |  12.5
        D:4 |      98 |       0 |   0.0 |      10 |       0 |   0.0
            +---------+---------+-------+---------+---------+-------
